 Dungeon Crawl Stone Soup version 0.31-a0-1002-g8e65716e6e (webtiles) character file.

Game seed: 537173157311058517

7 Jannitor the Sneak (level 2, -5/28 HPs)
             Began as a Naga Delver on Nov 9, 2023.
             Slain by an iguana (11 damage)
             ... on level 5 of the Dungeon.
             The game lasted 00:00:31 (188 turns).

Jannitor the Sneak (Naga Delver)                     Turns: 188, Time: 00:00:32

Health: -5/28      AC:  3    Str: 14    XL:     2   Next: 0%
Magic:  2/2        EV:  8    Int: 10    God:
Gold:   0          SH:  0    Dex: 12    Spells: 1/1 levels left

rFire   . . .        a - +0 mace
rCold   . . .        (no shield)
rNeg    . . .        h - +0 ring mail
rPois   +            (no helmet)
rElec   .            (no cloak)
rCorr   .            (no gloves)
SInv    +            (no barding)
Will    .....        (no amulet)
Stlth   +++          (no ring)
HPRegen 0.24/turn    (no ring)
MPRegen 0.08/turn

%: no passive effects
@: short of breath, hasted, quick
A: AC +0, large, see invisible, deformed body, poison resistance, slowness 2,
spit poison 1, naga tail 1
a: Spit Poison


You were on level 5 of the Dungeon.
You visited 1 branch of the dungeon, and saw 1 of its levels.

Inventory:

Hand Weapons
 a - a +0 mace (weapon)
Armour
 b - a +0 leather armour
 h - a +0 ring mail (worn)
Wands
 g - a wand of digging (3)
Scrolls
 c - a scroll of fog
 d - a scroll of revelation
 e - a scroll of fear


   Skills:
 + Level 3.1 Fighting
 + Level 2.1 Maces & Flails
 + Level 1.7 Dodging
 + Level 7.4 Stealth


You had one spell level left.
You didn't know any spells.
Your spell library was empty.

Dungeon Overview and Level Annotations

Branches:
Dungeon (5/15)
 Temple: D:4-7

Altars:

Annotations:
D:5 exclusion: white imp


Innate Abilities, Weirdness & Mutations

Your serpentine skin is tough. (AC +0)
You have supernaturally acute eyesight. (SInv)
Armour fits poorly on your strangely shaped body.
Your system is resistant to poisons. (rPois)
You cover ground very slowly.
You can spit poison.
You have a snake-like lower body.


Message History

You hit the jackal.
You kill the jackal!
You start resting.
You have got your breath back.
You start resting.
HP restored.
Things that are here:
a jackal corpse; a jackal corpse
Things that are here:
a jackal corpse; a jackal corpse
Found 7 stones.
A quokka comes into view.
Found a short sword.
Found a scroll labelled WEWKA MECUX.
An iguana comes into view.
The helpless quokka fails to defend itself.
You thump the quokka!
You kill the quokka!
The iguana hisses angrily.
You have reached level 2!
You see here a quokka corpse.
Aiming: Spit Poison (2% risk of failure)
Press: ? - help, Shift-Dir - straight line, f - iguana
Aim: an iguana (65% to hit)
The splash of poison hits the iguana.
The iguana is poisoned.
The iguana is moderately wounded.
The iguana closely misses you.
Unknown command.
You feel yourself speed up. The iguana bites you.
You barely miss the iguana.
The iguana is moderately wounded.
The iguana bites you.
You closely miss the iguana.
The iguana is heavily wounded.
The iguana bites you!
* * * LOW HITPOINT WARNING * * *
You hit the iguana.
The iguana is severely wounded.
The iguana bites you!
You die...

......... ........#
........# ........#
........# ........#
........# ......l@#
.. .. ........#
.#....
.....?.†#######.#.#..
.............#......
##...###.....#.(#.#
###. #.....+....# ...
# +...).#..# ..
#........# ..
####+##..## #.#.


You could see an iguana (poisoned).

Vanquished Creatures
  4 jackals (D:5)
  A quokka (D:5)
5 creatures vanquished.

Notes
Turn   | Place    | Note
-------+----------+-------------------------------------------
     0 | D:5      | Jannitor the Naga Delver began the quest for the Orb.
     0 | D:5      | Reached XP level 1. HP: 21/21 MP: 1/1
    54 | D:5      | HP: 1/21 [jackal (2)]
   179 | D:5      | Noticed an iguana
   181 | D:5      | Reached XP level 2. HP: 28/28 MP: 2/2
   188 | D:5      | Slain by an iguana

Illustrated notes

Levels and vault maps discovered:
D:5:      layout_basic

Action                     || total
---------------------------++-------
  Melee: Mace              ||    24
         Punch             ||     1
Ability: Spit Poison       ||     2
    Use: Potion            ||     1
   Stab: Sleeping          ||     3
 Armour: Ring mail         ||    26
  Dodge: Dodged            ||    12

Table legend: (Time is in decaauts)
 A = Elapsed time spent in this place.
 B = Non-inter-level travel time spent in this place.
 C = Inter-level travel time spent in this place.
 D = Time resting spent in this place.
 E = Time spent auto-exploring this place.
 F = Levels seen in this place.
 G = Mean time per level.
                   A        B        C        D        E       F      G
               +--------+--------+--------+--------+--------+-----+--------+
         Total |    221 |    221 |      0 |     79 |     60 |   1 |  221.0 |
       Dungeon |    221 |    221 |      0 |     79 |     60 |   1 |  221.0 |
               +--------+--------+--------+--------+--------+-----+--------+

Top non-repeatable levels by time:
     D:5: 221 daAuts
